Map: Dusk Towers

Players

Miszu

  • Race: Terran Terran
  • League: Master

Chabby - Winner!

  • Race: Protoss Protoss
  • League: Grandmaster

VOD

Have the link to the VOD?

Description

Time

  • Played on: April 25, 2016, 6:05 p.m.
  • Length: 5:48
Show
View Real Time Build Order
Export as new Build Order

Miszu Terran 

Build Orders:  

Get SALT Encoding   

  12  0:00  SCV  
  13  0:14  SCV  
  14  0:20  Supply Depot  
  14  0:26  SCV  
  15  0:42  SCV  
  16  0:54  SCV  
  17  1:10  Barracks  
  17  1:11  Barracks  
  17  1:12  Barracks  
  17  1:13  SCV  
  18  1:27  SCV  
  19  1:39  SCV  
  20  1:57  Marine  
  20  1:58  Marine x2  
  23  2:12  Bunker  
  23  2:31  Supply Depot, Marine  
  23  2:34  Marine  
  23  2:37  Marine  
  22  2:49  Marine  
  21  2:52  Marine  
  21  2:54  Marine  
  20  3:09  Marine  
  20  3:12  Marine  
  22  3:19  Orbital Command  
  21  3:35  Marine  
  18  3:51  SCV  
  18  3:52  Marine  
  18  3:53  Marine  
  17  4:01  Marine  
  18  4:09  Marine  
  16  4:13  Marine  
  18  4:20  Marine  
  19  4:28  Marine  
  19  4:33  Marine  
  20  4:40  SCV  
  22  4:52  SCV  
  22  5:04  SCV  
  22  5:17  SCV  
  22  5:27  Marine x3  
  23  5:29  SCV  
Show
View Real Time Build Order
Export as new Build Order

Chabby Protoss - Winner!

Build Orders:  

Get SALT Encoding   

  12  0:03  Probe (Chrono Boost)  
  13  0:13  Probe (Chrono Boost)  
  14  0:18  Pylon  
  14  0:24  Probe (Chrono Boost)  
  15  0:36  Probe (Chrono Boost)  
  15  0:38  Forge  
  16  1:04  Pylon  
  16  1:06  Pylon  
  16  1:12  Probe (Chrono Boost)  
  16  1:16  Pylon  
  17  1:23  Pylon  
  17  1:25  Probe (Chrono Boost)  
  17  1:31  Gateway  
  17  1:34  Assimilator  
  17  1:40  Assimilator  
  18  1:56  Pylon  
  18  1:57  Photon Cannon  
  18  2:00  Photon Cannon  
  17  2:12  Photon Cannon  
  18  2:23  Photon Cannon, Probe (Chrono Boost)  
  18  2:33  Photon Cannon  
  18  2:42  Probe (Chrono Boost)  
  19  2:49  Cybernetics Core  
  19  2:53  Probe (Chrono Boost)  
  20  3:03  Probe (Chrono Boost)  
  21  3:14  Gateway  
  21  3:18  Pylon  
  22  3:24  Pylon  
  21  3:27  Pylon  
  21  3:33  Probe (Chrono Boost)  
  22  3:41  Pylon  
  22  3:42  Pylon  
  22  3:56  Warp Gate (Chrono Boost)  
  22  4:01  Stargate, Probe (Chrono Boost)  
  22  4:14  Stalker (Chrono Boost)  
  24  4:19  Stalker (Chrono Boost)  
  26  4:31  Twilight Council  
  26  4:37  Pylon  
  26  4:55  Oracle (Chrono Boost)  
  26  4:59  Probe  
  30  5:02  Pylon  
  33  5:41  Pylon  
  34  5:48  Gateway  
Tags
 
Add a new tag
Caveats
  • Supply blocks, unpowered buildings, or Contaminate may cause inaccurate times.
  • Supply counts are checked every 10 seconds.